Map: Ice and Chrome LE

Players

RiSky - Winner!

  • Race: Zerg Zerg
  • Spawn Location: 7:00

EnDerr

  • Race: Zerg Zerg
  • League: Master
  • Spawn Location: 1:00

Event: DreamHack SC2 Masters 2020 Fall

VOD

Have the link to the VOD?

Description

Time

  • Played on: Aug. 27, 2020, 6:53 a.m.
  • Length: 9:41

All games in this series

Show
View Real Time Build Order
Export as new Build Order

RiSky Zerg - Winner!

Build Orders: Hatch First 

Get SALT Encoding   

  12  0:00  Drone  
  13  0:12  Overlord  
  13  0:16  Drone  
  14  0:30  Drone x2  
  16  0:47  Hatchery  
  15  0:50  Drone  
  15  0:54  Drone  
  18  0:57  Drone  
  18  1:07  Extractor  
  17  1:12  Spawning Pool  
  17  1:15  Drone  
  18  1:18  Drone  
  18  1:28  Drone  
  19  1:39  Drone  
  20  1:49  Drone  
  21  1:59  Overlord  
  21  2:00  Queen x2  
  25  2:01  Zergling x2  
  25  2:07  Metabolic Boost  
  26  2:12  Drone x2  
  28  2:22  Drone x2  
  30  2:33  Hatchery  
  30  2:35  Drone  
  30  2:42  Drone  
  30  2:43  Drone  
  32  2:48  Baneling Nest  
  31  2:52  Drone, Overlord  
  31  2:55  Zergling x2  
  33  3:04  Zergling x4  
  35  3:09  Drone  
  35  3:12  Drone x2  
  38  3:13  Drone  
  38  3:15  Drone  
  38  3:19  Overlord  
  40  3:20  Drone x2  
  42  3:28  Drone  
  42  3:30  Evolution Chamber  
  42  3:32  Baneling  
  42  3:35  Drone  
  42  3:39  Zergling x2  
  44  3:42  Drone x4  
  44  3:43  Overlord  
  44  3:45  Drone x3  
  50  3:53  Drone x2  
  52  3:56  Drone  
  52  3:57  Zerg Missile Weapons Level 1  
  53  4:03  Drone  
  53  4:06  Queen  
  53  4:07  Overlord  
  53  4:08  Zergling x2  
  57  4:13  Drone  
  57  4:14  Roach Warren  
  57  4:15  Lair  
  58  4:17  Roach Warren  
  58  4:19  Drone  
  58  4:24  Drone x2  
  58  4:25  Extractor  
  58  4:27  Extractor  
  58  4:28  Drone, Extractor  
  58  4:29  Drone x3  
  58  4:30  Drone  
  61  4:35  Overlord  
  61  4:36  Drone  
  62  4:40  Drone, Extractor  
  62  4:41  Extractor  
  61  4:46  Zergling x8  
  65  4:57  Drone x4  
  65  4:58  Drone  
  69  5:00  Zergling x2  
  69  5:02  Baneling x2  
  69  5:06  Overlord  
  70  5:07  Zergling x2  
  70  5:12  Zergling x2  
  70  5:13  Zergling x2  
  73  5:17  Zergling x10  
  76  5:26  Zergling x6  
  78  5:32  Zergling x10  
  83  5:37  Zergling x2, Spire  
  83  5:38  Zergling x2  
  84  5:44  Baneling x2  
  84  5:46  Overlord  
  84  5:47  Drone  
  85  5:51  Zerg Melee Weapons Level 1  
  85  5:53  Drone  
  85  5:54  Drone  
  86  5:59  Drone  
  86  6:00  Hatchery  
  86  6:02  Zergling x14  
  80  6:13  Zergling x12  
  85  6:22  Overlord  
  83  6:39  Extractor  
  79  6:44  Extractor  
  76  6:49  Mutalisk x12  
  76  6:51  Mutalisk  
  94  7:00  Mutalisk x2  
  92  7:03  Zergling x8  
  92  7:06  Zergling x4  
  97  7:09  Zergling x4  
  97  7:13  Zergling x4  
  101  7:19  Mutalisk x2  
  105  7:26  Zerg Flyer Armor Level 1  
  105  7:28  Mutalisk  
  107  7:35  Overlord  
  106  7:47  Overlord  
  106  7:48  Drone x2  
  104  7:56  Drone  
  104  7:57  Drone x7  
  112  8:02  Overlord x3  
  111  8:06  Drone  
  111  8:18  Overlord x2  
  111  8:21  Mutalisk  
  111  8:22  Mutalisk x3  
  111  8:25  Mutalisk  
  121  8:32  Mutalisk x2  
  125  8:36  Mutalisk x2  
  125  8:39  Mutalisk  
  131  8:43  Mutalisk x2  
  131  8:46  Mutalisk  
  136  8:50  Mutalisk x2  
  136  8:54  Mutalisk  
  142  8:56  Mutalisk  
  142  8:59  Overlord  
  144  9:03  Mutalisk x2  
  144  9:09  Mutalisk x2  
  147  9:13  Overlord  
  147  9:16  Mutalisk x2  
Show
View Real Time Build Order
Export as new Build Order

EnDerr Zerg 

Build Orders: Hatch First 

Get SALT Encoding   

  12  0:00  Drone  
  13  0:12  Overlord  
  13  0:17  Drone  
  14  0:31  Drone x2  
  16  0:48  Hatchery  
  15  0:52  Drone  
  15  0:55  Drone  
  17  0:58  Drone  
  18  1:09  Extractor  
  17  1:14  Spawning Pool  
  17  1:18  Drone  
  17  1:20  Drone  
  18  1:29  Drone  
  19  1:39  Drone  
  20  1:50  Drone  
  21  2:01  Queen x2  
  21  2:02  Overlord  
  21  2:05  Drone  
  26  2:09  Metabolic Boost  
  26  2:12  Drone  
  26  2:14  Drone  
  28  2:22  Zergling x2  
  29  2:25  Drone  
  30  2:34  Hatchery  
  29  2:42  Baneling Nest  
  28  2:46  Drone  
  28  2:49  Drone x2  
  28  2:50  Overlord  
  31  3:00  Zergling x4  
  31  3:05  Zergling x4  
  35  3:11  Drone x4  
  39  3:15  Drone x2  
  41  3:24  Evolution Chamber  
  41  3:25  Overlord  
  39  3:31  Baneling x2  
  39  3:32  Queen  
  41  3:43  Drone x2  
  41  3:44  Drone x4  
  47  3:50  Drone x3  
  47  3:52  Zerg Missile Weapons Level 1  
  50  4:03  Extractor x2, Roach Warren  
  50  4:04  Drone x3  
  50  4:09  Drone x2  
  51  4:11  Overlord  
  51  4:14  Overlord  
  51  4:23  Lair  
  51  4:25  Drone  
  51  4:26  Drone x3  
  54  4:32  Drone x4  
  54  4:37  Zergling x2  
  54  4:38  Zergling x6  
  62  4:47  Pneumatized Carapace  
  62  4:48  Drone x3  
  62  4:52  Drone x2  
  67  4:58  Drone x4  
  71  5:02  Overlord  
  71  5:07  Overlord  
  71  5:11  Extractor x2  
  67  5:27  Drone x5  
  71  5:30  Roach  
  71  5:31  Glial Reconstitution, Roach x5  
  71  5:35  Roach x2  
  85  5:40  Extractor  
  83  5:43  Roach, Spire  
  83  5:46  Zergling x2  
  83  5:47  Zergling x4  
  89  5:50  Roach  
  88  6:00  Roach  
  88  6:02  Overlord  
  88  6:06  Roach  
  85  6:25  Zergling x4  
  85  6:26  Zergling x14  
  85  6:28  Drone  
  85  6:29  Drone x2  
  85  6:32  Drone, Hatchery  
  73  6:55  Mutalisk x4  
  73  6:56  Mutalisk x3  
  73  6:57  Zergling x10  
  86  7:09  Drone, Zerg Flyer Weapons Level 1  
  86  7:10  Drone x5  
  92  7:17  Mutalisk x2  
  95  7:25  Queen  
  95  7:27  Overlord  
  97  7:31  Overlord  
  95  7:43  Mutalisk x3  
  93  7:49  Mutalisk x4  
  94  7:54  Drone x3  
  94  7:58  Drone x3  
  92  8:05  Mutalisk x2  
  92  8:12  Mutalisk  
  96  8:15  Drone  
  96  8:16  Drone x2  
  96  8:18  Overlord  
  101  8:20  Mutalisk  
  101  8:21  Mutalisk  
  105  8:28  Overlord  
  105  8:29  Overlord  
  105  8:43  Mutalisk x3  
  105  8:45  Overlord x3  
  111  8:56  Mutalisk x3  
  111  8:58  Queen  
  111  9:02  Zergling x10  
  124  9:07  Mutalisk  
  126  9:10  Mutalisk  
  126  9:16  Mutalisk  

Tags
 
Add a new tag
Caveats
  • Supply blocks, unpowered buildings, or Contaminate may cause inaccurate times.
  • Supply counts are checked every 10 seconds.